 Dungeon Crawl Stone Soup version 0.22.1-1-ga44c0e5 (webtiles) character file.

2802 wilfster70 the Slinger (level 10, -10/68 HPs)
             Began as a Halfling Warper on Sept 20, 2018.
             Was a Priest of Okawaru.
             Killed by divine providence
             ... invoked by an orc priest
              (14 damage)
             ... on level 9 of the Dungeon on Sept 21, 2018.
             The game lasted 00:38:10 (10980 turns).

wilfster70 the Slinger (Halfling Warper)           Turns: 10980, Time: 00:38:12

Health: -10/68     AC: 10    Str: 12    XL:     10   Next: 2%
Magic:  16/16      EV: 13    Int: 14    God:    Okawaru [***...]
Gold:   366        SH:  0    Dex: 15    Spells: 13/17 levels left

rFire    . . .     SeeInvis .   a - +2 hunting sling (freeze)
rCold    . . .     Gourm    .   (shield restricted)
rNeg     . . .     Faith    .   g - +0 scale mail
rPois    .         Spirit   .   (no helmet)
rElec    .         Reflect  .   r - +0 cloak
rCorr    +         Harm     .   t - +1 pair of gloves
MR       .....                  l - +0 pair of boots
Stlth    ..........             (no amulet)
HPRegen  0.21/turn              o - +2 ring of evasion
MPRegen  0.15/turn              C - ring of resist corrosion

@: hasted, very quick
A: small, mutation resistance 1
a: Heroism, Renounce Religion


You were on level 9 of the Dungeon.
You worshipped Okawaru.
Okawaru was most pleased with you.
You were hungry.

You visited 2 branches of the dungeon, and saw 10 of its levels.

You collected 366 gold pieces.

Inventory:

Hand Weapons
 a - a +2 hunting sling of freezing (weapon)
 b - a +0 short sword
 w - the +3 spear of Context {elec, rPois Int+3}
   (You found it on level 6 of the Dungeon)

   Occasionally, upon striking a foe, it will discharge some electrical energy
   and cause terrible harm.
   It affects your intelligence (+3).
   It protects you from poison.
Missiles
 e - 5 tomahawks of dispersal
 n - 19 poisoned needles
 p - 356 stones (quivered)
 y - a throwing net
 D - 2 tomahawks
 I - 20 sling bullets
Armour
 g - a +0 scale mail (worn)
 l - a +0 pair of boots (worn)
 r - a +0 cloak (worn)
 t - a +1 pair of gloves (worn)
Jewellery
 o - a +2 ring of evasion (left hand)
 u - an uncursed ring of magical power
 C - a ring of resist corrosion (right hand)
 L - an uncursed ring of stealth {unknown}
Wands
 J - a wand of paralysis (16)
Scrolls
 c - a scroll of fog
 d - 2 scrolls of blinking
 i - 2 scrolls of teleportation
 k - a scroll of brand weapon {unknown}
 q - 2 scrolls of identify
 G - 3 scrolls of remove curse
 K - 2 scrolls of amnesia
Potions
 h - 5 potions of curing
 j - a potion of brilliance
 m - 2 potions of cancellation
 s - a potion of agility
 v - 2 potions of haste
 x - a potion of lignification {unknown}
 z - a potion of invisibility {unknown}
 A - 3 potions of heal wounds {unknown}
 B - a potion of mutation {unknown}
 E - a potion of magic {unknown}
 F - a potion of ambrosia
 H - a potion of might
Comestibles
 f - 11 rations


   Skills:
 - Level 6.1 Fighting
 - Level 5.0 Short Blades
 - Level 11.9(12.0) Slings
 - Level 1.0(5.4) Throwing
 - Level 1.1 Armour
 - Level 2.1 Dodging
 * Level 4.0 Spellcasting
 + Level 3.6 Charms
 + Level 3.7 Translocations
 + Level 0.0 Invocations


You had 13 spell levels left.
You knew the following spells:

 Your Spells              Type           Power        Failure   Level  Hunger
a - Shroud of Golubria    Chrm/Tloc      ##........   34%         2    ##.....
g - Blink                 Tloc           N/A          32%         2    ##.....

Your spell library contained the following spells:

 Spells                   Type           Power        Failure   Level  Hunger
 Gell's Gravitas          Tloc           ##........   54%         3    ###....
 Lesser Beckoning         Tloc           ##........   54%         3    ###....
 Teleport Other           Tloc           ##......     54%         3    ###....
 Magic Dart               Conj           #...         71%         1    None
 Call Imp                 Summ           #.......     83%         2    ##.....
 Slow                     Hex            #.......     83%         2    ##.....
 Passage of Golubria      Tloc           N/A          91%         4    ####...
 Conjure Flame            Conj/Fire      #.......     97%         3    ###....
 Mephitic Cloud           Conj/Pois/Air  #.......     97%         3    ###....


Dungeon Overview and Level Annotations

Branches:
Dungeon (9/15)             Temple (1/1) D:5
   Lair: D:8-11         Orc: D:9-12

Altars:
Gozag
Makhleb
Okawaru
Xom
Beogh

Shops:
D:8 }

Annotations:
D:9 exclusion: 2 oklob plants, TotesWizzard's ghost, novice TrBe


Innate Abilities, Weirdness & Mutations

You are small and have problems with some larger weapons.
You are somewhat resistant to further mutation.


Message History

Found 11 gold pieces.
The orc wizard gestures at you while chanting.
The puff of frost misses you.
The orc wizard gestures at you while chanting.
You easily resist.
A leopard gecko comes into view.
The leopard gecko hisses angrily.
The orc wizard casts a spell.
The orc wizard seems to speed up.
The adder barely misses you.
A bullfrog zombie comes into view.
The orc priest calls down the wrath of Beogh upon you.
Beogh smites you!
* * * LOW HITPOINT WARNING * * *
You feel yourself speed up. The adder bites you but does no damage.
The orc wizard gestures wildly while chanting.
The orc wizard flickers and vanishes!
Deactivating autopickup; reactivate with Ctrl-A.
The orc priest calls down the wrath of Beogh upon you.
Beogh smites you!
You die...

#.. #.. ## #..##
... ..l# #.#
#..# ###..###..#
..........#####
.......{..S@..#
.........o###.#
..........## #
......oo...##.#
...............#
..$.......##...#
..........# ...#
...Z......# ###
...........


You could see an orc priest, an orc wizard, an adder and an orc.

Vanquished Creatures
  A spriggan (D:8)
  An ice beast (D:6)
  An orc warrior (D:6)
  A sky beast (D:4)
  3 ogres
  A necrophage (D:6)
  A bullfrog (D:6)
  A wyvern zombie (D:6)
  4 scorpions
  2 jellies
  6 howler monkeys
  2 crimson imps
  2 bullfrog zombies
  2 bullfrog skeletons
  10 orc wizards
  4 orc priests
  5 hounds
  3 iron imps (D:8)
  5 iguanas
  2 worker ants
  A howler monkey skeleton (D:5)
  10 adders
  8 gnolls
  3 shadow imps
  3 oozes
  3 adder skeletons
  An adder zombie (D:8)
  4 worms
  8 dart slugs
  7 leopard geckos
  23 orcs
  3 giant cockroaches
  8 goblins
  3 hobgoblins
  9 jackals
  4 quokkas
  A ball python (D:2)
  12 bats
  4 frilled lizards
  9 kobolds
  A leopard gecko skeleton (D:5)
  13 rats
195 creatures vanquished.

Notes
Turn   | Place    | Note
-------+----------+-------------------------------------------
     0 | D:1      | wilfster70 the Halfling Warper began the quest for the Orb.
     0 | D:1      | Reached XP level 1. HP: 14/14 MP: 3/3
   328 | D:1      | Reached XP level 2. HP: 19/19 MP: 4/4
   673 | D:1      | Reached XP level 3. HP: 22/24 MP: 5/5
   677 | D:1      | Learned a level 2 spell: Shroud of Golubria
   680 | D:1      | Learned a level 2 spell: Blink
  1482 | D:2      | Reached XP level 4. HP: 19/30 MP: 6/6
  2446 | D:3      | Reached XP level 5. HP: 36/36 MP: 7/7
  2664 | D:3      | Reached skill level 1 in Slings
  2684 | D:3      | Reached skill level 5 in Short Blades
  2806 | D:3      | Reached skill level 2 in Slings
  3075 | D:3      | Reached skill level 3 in Slings
  3084 | D:3      | Reached XP level 6. HP: 32/42 MP: 8/8
  3347 | D:3      | Reached skill level 4 in Slings
  4204 | D:4      | Noticed a sky beast
  4234 | D:4      | Killed a sky beast
  4234 | D:4      | Reached skill level 5 in Slings
  4590 | D:4      | Reached XP level 7. HP: 47/47 MP: 9/9
  4867 | D:5      | Entered Level 5 of the Dungeon
  4912 | D:5      | Reached skill level 6 in Slings
  5258 | D:5      | Found a staircase to the Ecumenical Temple.
  5283 | Temple   | Entered the Ecumenical Temple
  5299 | Temple   | Became a worshipper of Warmaster Okawaru
  5873 | D:4      | Reached skill level 7 in Slings
  6722 | D:5      | Reached skill level 8 in Slings
  6722 | D:5      | Reached XP level 8. HP: 46/54 MP: 10/10
  6934 | D:5      | Reached * piety under Okawaru
  6967 | D:5      | Reached skill level 5 in Fighting
  6967 | D:5      | Reached skill level 9 in Slings
  7947 | D:6      | Reached skill level 10 in Slings
  7971 | D:6      | Got a steaming spear
  7972 | D:6      | Identified the cursed +3 spear of Context {elec, rPois
                  | Int+3} (You found it on level 6 of the Dungeon)
  8258 | D:6      | Reached ** piety under Okawaru
  8258 | D:6      | Reached XP level 9. HP: 49/62 MP: 11/11
  8480 | D:6      | Reached skill level 11 in Slings
  9216 | D:7      | Reached skill level 1 in Charms
  9690 | D:8      | Found Eqautow's Gadget Shop.
  9967 | D:8      | Reached *** piety under Okawaru
 10382 | D:8      | Found a burning altar of Makhleb.
 10427 | D:8      | Reached XP level 10. HP: 68/68 MP: 15/15
 10903 | D:9      | Noticed an oklob plant
 10903 | D:9      | Noticed an oklob plant
 10910 | D:9      | Found a runed gate.
 10911 | D:9      | Found a runed gate.
 10912 | D:9      | Found a runed gate.
 10912 | D:9      | Found a roughly hewn altar of Beogh.
 10913 | D:9      | Noticed TotesWizzard's ghost (novice TrBe)
 10914 | D:9      | Found the +2 ratskin cloak {+Rats rPois rN+ Str-1 Int-1
                  | Dex+1}
 10979 | D:9      | HP: 3/68 [orc priest/divine providence (8)]
 10980 | D:9      | Killed from afar by an orc priest

Skill      XL: |  1  2  3  4  5  6  7  8  9 10 |
---------------+-------------------------------+-----
Fighting       | 2 3 4 5 6 |  6.1
Short Blades   | 3 4 5 |  5.0
Slings         | 3 5 8 10 11 | 11.9
Spellcasting   | 3 4 |  4.0
Charms         | 3 |  3.6
Throwing       | |  1.0
Armour         | |  1.1
Dodging        | |  2.1
Translocations | |  3.7

Action                   |  1- 3 |  4- 6 |  7- 9 | 10-12 || total
-------------------------+-------+-------+-------+-------++-------
Melee: Short sword       |   122 |   145 |   131 |       ||   398
       Spear             |       |       |    32 |       ||    32
       Hunting sling     |       |       |     1 |       ||     1
 Fire: Hunting sling     |       |   124 |   446 |    32 ||   602
  Use: Scroll            |       |     6 |    13 |     1 ||    20
       Potion            |       |     1 |     3 |     1 ||     5
  Eat: Chunk             |     2 |    10 |    17 |     1 ||    30
Armor: Scale mail        |    49 |    66 |   101 |     5 ||   221
Dodge: Dodged            |    69 |   128 |   170 |     8 ||   375
